 Dungeon Crawl Stone Soup version 0.16-a0-1573-g4dbbe55 (webtiles) character file.

952 Psiweapon the Chopper (level 8, -4/71 HPs)
             Began as a Hill Orc Fighter on Oct 22, 2014.
             Was a Follower of Makhleb.
             Splashed by a jelly's acid (11 damage)
             ... on level 6 of the Dungeon.
             The game lasted 00:26:23 (5699 turns).

Psiweapon the Chopper (Hill Orc Fighter)            Turns: 5699, Time: 00:26:24

Health: -4/71      AC: -3    Str: 25    XL:     8   Next: 13%
Magic:  14/14      EV:  7    Int:  8    God:    Makhleb [*.....]
Gold:   265        SH:  9    Dex: 11    Spells: 0 memorised, 7 levels left

rFire  + . .     SeeInvis .     H - +0 war axe (vamp)
rCold  . . .     Clarity  .     m - +0 scale mail
rNeg   . . .     SustAb   .     c - +0 shield
rPois  .         Gourm    .     (no helmet)
rElec  .         Spirit   .     (no cloak)
rCorr  .         Warding  .     (no gloves)
rMut   .         Stasis   .     (no boots)
MR     .....                    (no amulet)
Stlth  ..........               q - ring of invisibility
                                l - ring of protection from fire

@: mighty, corroded equipment, not resistant to hostile enchantments, extremely
unstealthy
A: no striking features
a: Renounce Religion, Evoke Invisibility


You were on level 6 of the Dungeon.
You worshipped Makhleb.
Makhleb was aware of your devotion.
You were not hungry.

You visited 1 branch of the dungeon, and saw 6 of its levels.

You collected 265 gold pieces.

Inventory:

Hand weapons
 a - a +0 war axe
 b - the +4 hunting sling of Wiblaibuel {freeze, rF+ rC++}
   (You found it on level 4 of the Dungeon)

   It turns projectiles fired from it into bolts of frost.
   It protects you from fire.
   It greatly protects you from cold.
 p - a +0 hunting sling
 x - a +0 blowgun
 H - a +0 vampiric war axe (weapon)
Missiles
 e - 4 tomahawks (quivered)
 o - 18 stones
 s - 58 sling bullets
 y - 9 poisoned needles
Armour
 c - a +0 shield (worn)
 m - a +0 scale mail (worn)
 r - a +0 large shield
 w - a +0 ring mail
 z - the +1 robe of a bazaar {Stlth-, unknown}
   (You found it on level 4 of the Dungeon)

   It makes you less stealthy.
Jewellery
 f - the ring of Descent {rF++ rN+ Int+2, unknown}
   (You took it off a kobold on level 5 of the Dungeon)

   [ring of positive energy]

   It affects your intelligence (+2).
   It greatly protects you from fire.
   It protects you from negative energy.
 l - a ring of protection from fire (left hand)
 q - a ring of invisibility (right hand)
 A - an uncursed amulet of stasis
Scrolls
 g - 4 scrolls of remove curse {unknown}
 h - 4 scrolls of identify {unknown}
 i - a scroll of blinking {unknown}
 j - a scroll of fog {unknown}
 n - a scroll of enchant armour {unknown}
 B - 4 scrolls of teleportation {unknown}
 C - a scroll of recharging {unknown}
 D - a scroll of fear {unknown}
 E - a scroll of magic mapping {unknown}
Potions
 k - a potion of heal wounds {unknown}
 u - 3 potions of invisibility {unknown}
 v - 2 potions of curing {unknown}
 G - a potion of lignification {unknown}
 I - a potion of brilliance {unknown}
Comestibles
 d - 4 meat rations
 t - a bread ration


   Skills:
 + Level 6.9 Fighting
 - Level 7.1 Axes
 - Level 3.2 Armour
 - Level 3.2 Shields
 + Level 4.8 Invocations
 + Level 4.3 Evocations


You had 7 spell levels left.
You didn't know any spells.

Dungeon Overview and Level Annotations

Branches:
Dungeon (6/15)             Temple (0/1) D:5

Altars:
Gozag
Makhleb
Okawaru
Ru
Trog
Zin
The Shining One
Jiyva


Message History

You hear a slurping noise.
You block the jelly's attack.
You slash the jelly!
You feel better.
The jelly is moderately wounded.
The jelly hits you but does no damage. x2
You slice the jelly!! The acid corrodes your equipment!
The jelly is severely wounded.
The jelly hits you.
You are splashed with acid!
The acid corrodes your equipment!
The acid burns!
You slash the jelly!
You feel better.
The jelly is severely wounded.
The jelly hits you.
You are splashed with acid!
The acid corrodes your equipment!
The acid burns!
* * * LOW HITPOINT WARNING * * *
You slash the jelly!
The jelly is almost dead.
The jelly hits you.
* * * LOW HITPOINT WARNING * * *
You are splashed with acid!
The acid burns!
You die...

##########.
#.....)....
########..%.......
#@JJ..............
########..........
#..........
#..........
###.####### #.#
#+#


You could see 2 jellies.

Vanquished Creatures
  An orc warrior (D:6)
  An ogre (D:4)
  The ghost of Psiweapon the Twirler, an average DrGl (D:4)
  A centaur (D:5)
  A hound (D:4)
  An orc priest (D:6)
  3 jellies
  An orc wizard (D:5)
  2 iguanas (D:4)
  4 worker ants
  The ghost of timbw the Chopper, a weakling GrGl of Okawaru (D:3)
  A worker ant zombie (D:5)
  7 adders
  3 gnolls (D:3)
  2 giant mites
  5 worms
  4 giant geckos
  4 oozes
  9 orcs
  5 bats
  A bat skeleton (D:5)
  2 giant cockroaches
  10 goblins
  6 hobgoblins
  5 jackals
  5 quokkas
  2 ball pythons
  A giant gecko zombie (D:5)
  8 giant newts
  10 kobolds
  9 rats
116 creatures vanquished.

Vanquished Creatures (others)
  A bat (D:5)
1 creature vanquished.

Grand Total: 117 creatures vanquished

Notes
Turn   | Place    | Note
--------------------------------------------------------------
     0 | D:1      | Psiweapon, the Hill Orc Fighter, began the quest for the Orb.
     0 | D:1      | Reached XP level 1. HP: 19/19 MP: 1/1
   153 | D:1      | Reached XP level 2. HP: 26/26 MP: 2/2
   418 | D:1      | Reached skill level 4 in Axes
   815 | D:2      | Reached XP level 3. HP: 13/31 MP: 3/3
  1151 | D:2      | Reached skill level 5 in Axes
  1173 | D:2      | Found a glowing golden altar of the Shining One.
  1184 | D:2      | Reached XP level 4. HP: 10/39 MP: 4/4
  1966 | D:3      | Reached skill level 6 in Axes
  2300 | D:3      | Reached XP level 5. HP: 45/45 MP: 5/5
  2493 | D:3      | Reached skill level 7 in Axes
  2707 | D:3      | Noticed timbw's ghost (weakling GrGl)
  2717 | D:3      | Killed timbw's ghost
  3348 | D:3      | Reached skill level 1 in Evocations
  3348 | D:3      | Reached XP level 6. HP: 50/55 MP: 5/7
  3470 | D:4      | Found a burning altar of Makhleb.
  3478 | D:4      | Got a bloodstained robe
  3479 | D:4      | Became a worshipper of Makhleb the Destroyer
  3540 | D:4      | Found a glowing silver altar of Zin.
  3541 | D:4      | Found an opulent altar of Gozag.
  3622 | D:4      | Reached skill level 5 in Fighting
  3736 | D:4      | Noticed Psiweapon's ghost (average DrGl)
  4047 | D:4      | Got a shimmering hunting sling
  4048 | D:4      | Identified the +4 hunting sling of Wiblaibuel {freeze, rF+ rC++} (You found it on level 4 of the Dungeon)
  4166 | D:4      | Killed Psiweapon's ghost
  4166 | D:4      | Reached XP level 7. HP: 27/62 MP: 10/10
  4430 | D:4      | Found a bloodstained altar of Trog.
  4782 | D:5      | Entered Level 5 of the Dungeon
  4973 | D:5      | Acquired Makhleb's first power
  5181 | D:5      | Found a viscous altar of Jiyva.
  5340 | D:5      | Found a sacrificial altar of Ru.
  5432 | D:5      | Found an iron altar of Okawaru.
  5542 | D:5      | Found a staircase to the Ecumenical Temple.
  5564 | D:5      | Got a smoking bone ring
  5640 | D:6      | Upgraded the game from 0.16-a0-1529-gf034e03 to 0.16-a0-1573-g4dbbe55
  5673 | D:6      | Reached XP level 8. HP: 61/71 MP: 14/14
  5699 | D:6      | Splashed by a jelly's acid

Action                   |  1- 3 |  4- 6 |  7- 9 || total
-------------------------+-------+-------+-------++-------
Melee: War axe           |    70 |   152 |   110 ||   332
 Fire: Hunting sling     |    17 |    65 |    20 ||   102
  Use: Potion            |     3 |     2 |     1 ||     6
  Eat: Chunk             |       |     9 |     4 ||    13
       Beef jerky        |       |     1 |     1 ||     2
       Bread ration      |       |       |     1 ||     1
